 Dungeon Crawl Stone Soup version 0.19-a0-1662-gb81896f (webtiles) character file.

84 Promi the Magician (level 4, 0/35 HPs)
             Began as a Demigod Wizard on Sept 21, 2016.
             Killed from afar by Promi's ghost (4 damage)
             ... with a magic dart
             ... on level 3 of the Dungeon.
             The game lasted 00:08:54 (2724 turns).

Promi the Magician (Demigod Wizard)                 Turns: 2724, Time: 00:08:55

Health: 0/35       AC:  4    Str: 10    XL:     4   Next: 3%
Magic:  1/11       EV: 13    Int: 24    God:
Gold:   101        SH:  0    Dex: 14    Spells: 3 memorised, 3 levels left

rFire  . . .     SeeInvis .     k - +2 whip (flame)
rCold  . . .     Gourm    .     a - +0 robe
rNeg   . . .     Faith    .     (no shield)
rPois  .         Spirit   .     b - +1 hat
rElec  .         Dismiss  .     h - +0 cloak
rCorr  .         Reflect  .     (no gloves)
MR     .....     Harm     .     (no boots)
Stlth  ++........               (no amulet)
                                (no ring)
                                (no ring)

@: no status effects
A: high mp 1
a: no special abilities


You were on level 3 of the Dungeon.
You were hungry.

You visited 1 branch of the dungeon, and saw 3 of its levels.

You collected 101 gold pieces.

Inventory:

Hand Weapons
 f - a +0 long sword
 k - a +2 whip of flaming (weapon)
 r - a +0 short sword of electrocution
Armour
 a - a +0 robe (worn)
 b - a +1 hat (worn)
 h - a +0 cloak (worn)
Scrolls
 e - a scroll of amnesia
 j - a scroll of magic mapping
 l - 2 scrolls of identify
 m - a scroll of teleportation
Books
 c - a book of Minor Magic

   Spells                             Type                      Level
   a - Magic Dart                     Conjuration                  1
   b - Blink                          Translocation                2
   c - Call Imp                       Summoning                    2
   d - Repel Missiles                 Charms/Air                   2
   e - Slow                           Hexes                        2
   f - Conjure Flame                  Conjuration/Fire             3
   g - Mephitic Cloud                 Conjuration/Poison/Air       3
Comestibles
 d - 2 bread rations
 g - 5 fruits
 i - 3 slices of pizza
 n - 3 chunks of flesh


   Skills:
 + Level 1.1 Fighting
 + Level 2.5 Dodging
 + Level 2.2 Stealth
 * Level 3.1 Spellcasting
 * Level 1.8 Conjurations
 + Level 0.1 Hexes
   Level 0.8 Summonings
   Level 0.8 Translocations


You had 3 spell levels left.
You knew the following spells:

 Your Spells              Type           Power        Failure   Level  Hunger
a - Magic Dart            Conj           ##..         6%          1    None
b - Slow                  Hex            #.......     17%         2    ##.....
c - Mephitic Cloud        Conj/Pois/Air  #.......     30%         3    ###....


Dungeon Overview and Level Annotations

Branches:
Dungeon (3/15)

Annotations:
D:3 Promi's ghost, amateur DgWz


Innate Abilities, Weirdness & Mutations

You have an increased reservoir of magic. (+10% MP)


Message History

You hit Promi's ghost. You burn Promi's ghost.
Promi's ghost is severely damaged.
Promi's ghost closely misses you.
You hit Promi's ghost but do no damage.
Promi's ghost is severely damaged.
Promi's ghost closely misses you.
You closely miss Promi's ghost.
Promi's ghost is severely damaged.
Promi's ghost points at you and mumbles some strange words.
The magic dart hits you!
* * * LOW HITPOINT WARNING * * *
You aren't carrying any potions.
Okay, then.
You are feeling hungry.
Promi's ghost casts a spell at you. The magic dart hits you!
* * * LOW HITPOINT WARNING * * *
Promi's ghost casts a spell at you. The magic dart hits you!
You die...

#.# #....## #.#.# #.# ###
#####..# #.#.# ##.# ..#.# ##.#
#.#.# ...###.#. #.# #.#.#
......... #.####.#.# #
....##.## #....#.#.#.#
.##.##.########..#.#.#.#.#.##.
...................W..........
..#.##.########.@..#.#.#.#.##.
###.##.# #<#..#.#.#.#
#.##.##########..#.#.# .
..#.......... ...#.#.# ##
###############..#.#.#
##.#.#.# ....#.# #...#.#


You could see Promi's ghost.

Vanquished Creatures
  A gnoll (D:1)
  An adder (D:2)
  A worm (D:2)
  3 leopard geckos
  A ball python (D:1)
  3 giant cockroaches (D:1)
  8 goblins
  6 hobgoblins (D:1)
  3 jackals (D:1)
  6 kobolds
  10 bats
  3 frilled lizards
  10 rats
56 creatures vanquished.

Notes
Turn   | Place    | Note
-------+----------+-------------------------------------------
     0 | D:1      | Promi the Demigod Wizard began the quest for the Orb.
     0 | D:1      | Reached XP level 1. HP: 14/14 MP: 6/6
   194 | D:1      | Reached skill level 1 in Conjurations
   424 | D:1      | Reached XP level 2. HP: 15/20 MP: 6/8
  1049 | D:1      | Reached XP level 3. HP: 23/27 MP: 6/10
  1318 | D:1      | Reached skill level 3 in Spellcasting
  1416 | D:1      | Reached skill level 1 in Fighting
  1864 | D:2      | Learned a level 2 spell: Slow
  1868 | D:2      | Learned a level 3 spell: Mephitic Cloud
  1939 | D:2      | Found a snail-covered altar of Cheibriados.
  2487 | D:2      | Found a glowing golden altar of the Shining One.
  2498 | D:2      | Found a basalt altar of Yredelemnul.
  2524 | D:2      | Noticed an angel
  2541 | D:2      | Reached XP level 4. HP: 35/35 MP: 6/11
  2702 | D:3      | Noticed Promi's ghost (amateur DgWz)
  2724 | D:3      | Killed from afar by Promi's ghost

Vault maps used:
D:1:      ncdulo_wetmaze, st_stairs_13, minmay_octomino_c4
D:2:      grunt_temple_overflow_holy_war, cheibriados_altar_1
D:3:      nicolae_ru_awakened_eye

Skill      XL: |  1  2  3 |
---------------+----------+-----
Dodging        | 2 |  2.5
Conjurations   | 1 |  1.8
Stealth        | 2 |  2.2
Spellcasting   | 3 |  3.1
Fighting       | 1 |  1.1
Hexes          | |  0.1
Summonings     | |  0.8
Translocations | |  0.8

Action                   |  1- 3 |  4- 6 || total
-------------------------+-------+-------++-------
Melee: Club              |    46 |       ||    46
       Whip              |    10 |     5 ||    15
 Cast: Magic Dart        |   112 |    18 ||   130
  Use: Scroll            |     9 |       ||     9
       Potion            |     2 |       ||     2
 Stab: Sleeping          |     1 |       ||     1
  Eat: Chunk             |     5 |       ||     5
Armor: Robe              |    30 |     1 ||    31
Dodge: Dodged            |    74 |     7 ||    81
